 Dungeon Crawl Stone Soup version 0.27.1-2-g3b301248ec (webtiles) character file.

Game seed: 13020614315691390917

947 diana the Bolt Thrower (level 8, -1/48 HPs)
             Began as a Kobold Hunter on Sept 23, 2021.
             Slain by a scorpion (6 damage)
             ... on level 5 of the Dungeon.
             The game lasted 00:08:26 (6567 turns).

diana the Bolt Thrower (Kobold Hunter)              Turns: 6567, Time: 00:08:27

Health: -1/48      AC:  4    Str: 10    XL:     8   Next: 35%
Magic:  8/8        EV: 16    Int: 12    God:
Gold:   263        SH:  0    Dex: 17    Spells: 7/7 levels left

rFire    + . .     SeeInvis .   n - +2 dagger (speed)
rCold    . . .     Faith    .   (shield restricted)
rNeg     . . .     Spirit   .   c - +0 leather armour
rPois    .         Reflect  .   (no helmet)
rElec    .         Harm     .   (no cloak)
rCorr    .         Rampage  .   s - +0 pair of gloves
Will     .....                  (no boots)
Stlth    +++.......             h - amulet of magic regeneration
HPRegen  0.16/turn              u - ring of protection from fire
MPRegen  0.36/turn              y - ring of wizardry

@: lethally poisoned (-1 -> -19), attractive
A: small, no large weapons, nightstalker 3
a: no special abilities


You were on level 5 of the Dungeon.
You visited 1 branch of the dungeon, and saw 5 of its levels.

You collected 263 gold pieces.

Inventory:

Hand Weapons
 a - a +1 hand crossbow
 e - a +0 short sword
 n - a +2 dagger of speed (weapon)
 q - a +1 dagger of speed
 r - a +4 dagger
Missiles
 d - 10 bolts
 l - a throwing net (quivered)
Armour
 c - a +0 leather armour (worn)
 s - a +0 pair of gloves (worn)
Jewellery
 h - an amulet of magic regeneration (around neck)
 u - a ring of protection from fire (left hand)
 y - a ring of wizardry (right hand)
Wands
 b - a wand of digging (5)
Scrolls
 f - a scroll of brand weapon {unknown}
 i - a scroll of amnesia {unknown}
 j - 4 scrolls of identify {unknown}
 k - 4 scrolls of teleportation {unknown}
 t - a scroll of vulnerability {unknown}
 w - a scroll of torment {unknown}
Potions
 g - 2 potions of attraction
 m - a potion of brilliance {unknown}
 o - a potion of haste {unknown}
 p - a potion of flight {unknown}
 v - a potion of mutation {unknown}
 x - a potion of lignification {unknown}


   Skills:
 + Level 4.8 Fighting
 * Level 5.1 Short Blades
 + Level 7.0 Crossbows
 + Level 3.0 Armour
 + Level 5.1 Dodging
 - Level 1.3 Stealth


You had 7 spell levels left.
You didn't know any spells.
Your spell library contained the following spells:

 Spells                   Type           Power      Damage    Failure   Level
 Slow                     Hex            0%         N/A       26%         2
 Confusing Touch          Hex            0%         N/A       45%         3
 Yara's Violent Unravell  Hex/Tmut       0%         3d3       99%         5


Dungeon Overview and Level Annotations

Branches:
Dungeon (5/15)
 Temple: D:4-7

Altars:
Hepliaklqana
Sif Muna

Shops:
D:1 *   D:2 (


Innate Abilities, Weirdness & Mutations

You are small and have problems with some larger weapons.
You are completely attuned to the shadows.


Message History

You are more poisoned.
The scorpion poisons you!
You hit the scorpion but do no damage.
The scorpion is lightly wounded.
You feel very sick.
You barely miss the scorpion.
The scorpion is lightly wounded.
You feel very sick. The scorpion barely misses you.
You hit the scorpion.
The scorpion is heavily wounded.
You feel very sick. The scorpion stings you.
You are more poisoned.
The scorpion poisons you!
You are too injured to fight recklessly!
You are too injured to fight recklessly!
You are too injured to fight recklessly!
You are too injured to fight recklessly!
You are too injured to fight recklessly!
You are too injured to fight recklessly!
You are too injured to fight recklessly!
You hit the scorpion.
The scorpion is heavily wounded.
You feel very sick.
You hit the scorpion.
The scorpion is severely wounded.
* * * LOW HITPOINT WARNING * * *
You feel very sick. The scorpion completely misses you.
You hit the scorpion but do no damage.
The scorpion is severely wounded.
* * * LOW HITPOINT WARNING * * *
You feel very sick.
It was a potion of attraction.
You feel attractive to monsters.
* * * LOW HITPOINT WARNING * * *
You feel very sick. The scorpion stings you.
You die...

##...######.###
##...........#
###.#######.#.#
.##.# #.#.#
.##.# #.#.#
.##.# #.#.#
....# #.# ###.#
#.#.##### #.#
#.....@.# #.#
.......#s# #..
...#.#.#.#
##..).....
####..(## #


You could see a scorpion.

Vanquished Creatures
  Grinder (D:3)
  Sigmund (D:3)
  A centaur (D:4)
  A scorpion (D:5)
  A centaur zombie (D:4)
  2 hounds (D:5)
  An orc priest (D:3)
  An iguana (D:3)
  Ijyb (D:3)
  Natasha (twice) (D:3)
  2 orc wizards
  A mummy (D:4)
  A howler monkey zombie (D:5)
  Robin (D:4)
  6 adders
  An adder skeleton (D:4)
  2 worms
  A dart slug (D:2)
  12 orcs
  5 bats
  8 endoplasms
  3 giant cockroaches
  13 goblins
  8 hobgoblins
  2 quokkas
  3 ball pythons
  3 frilled lizards
  9 kobolds
  A quokka skeleton (D:2)
  6 rats
100 creatures vanquished.

Notes
Turn   | Place    | Note
-------+----------+-------------------------------------------
     0 | D:1      | diana the Kobold Hunter began the quest for the Orb.
     0 | D:1      | Reached XP level 1. HP: 12/12 MP: 1/1
    25 | D:1      | Reached skill level 5 in Crossbows
    71 | D:1      | Reached XP level 2. HP: 17/17 MP: 2/2
   242 | D:1      | Reached XP level 3. HP: 22/22 MP: 3/3
   301 | D:1      | Reached skill level 1 in Short Blades
   385 | D:1      | Found Hauce's General Store.
  1187 | D:2      | Found Ineujeps's Antique Weapon Shop.
  1435 | D:2      | Reached XP level 4. HP: 27/27 MP: 4/4
  1500 | D:2      | Found a faded altar of an unknown god.
  2288 | D:3      | Noticed Sigmund
  2298 | D:3      | Killed Sigmund
  2299 | D:3      | Reached skill level 1 in Armour
  2299 | D:3      | Reached XP level 5. HP: 22/32 MP: 5/5
  2299 | D:3      | Reached XP level 6. HP: 26/37 MP: 6/6
  2477 | D:3      | Noticed Grinder
  2488 | D:3      | Paralysed by Grinder for 5 turns
  2499 | D:3      | Paralysed by Grinder for 3 turns
  2504 | D:3      | Paralysed by Grinder for 5 turns
  2515 | D:3      | Killed Grinder
  2516 | D:3      | Reached skill level 6 in Crossbows
  2516 | D:3      | Reached XP level 7. HP: 9/42 MP: 7/7
  3262 | D:3      | Noticed Natasha
  3266 | D:3      | Killed Natasha
  3606 | D:3      | Noticed Ijyb
  3615 | D:3      | Killed Ijyb
  3672 | D:3      | Noticed Natasha
  3698 | D:3      | Killed Natasha
  4148 | D:4      | Found a hazy altar of Hepliaklqana.
  4531 | D:4      | Reached XP level 8. HP: 40/48 MP: 8/8
  5119 | D:4      | Noticed Robin
  5217 | D:4      | Killed Robin
  6052 | D:4      | Reached skill level 5 in Dodging
  6134 | D:5      | Entered Level 5 of the Dungeon
  6353 | D:5      | Reached skill level 5 in Short Blades
  6353 | D:5      | Reached skill level 7 in Crossbows
  6435 | D:5      | Found a shimmering blue altar of Sif Muna.
  6567 | D:5      | Slain by a scorpion

Illustrated notes

Levels and vault maps discovered:
D:1:      eino_arrival_druids_welcome, layout_loops_ring, serial_shops,
          nicolae_diamond_shop, minivault_26, minmay_pentomino_z4
D:2:      layout_basic, serial_shops, shop, shapermc_ecumenical_altar_petra,
          grunt_ministairs_15
D:3:      cheibrodos_pilgrimage, layout_basic, grunt_decor_resistance,
          uniq_ijyb, uniq_natasha, uniq_sigmund, uniq_grinder
D:4:      layout_cave_pods, lemuel_doored_altar, gup_ossuary_entry_pyramid,
          hangedman_decor_riveting, uniq_robin
D:5:      layout_loops_ring, kennysheep_orc_sif_temple, serial_park_tiny_pond,
          skrybe_limestone_x, corner_web_ring

Skill      XL: |  1  2  3  4  5  6  7  8 |
---------------+-------------------------+-----
Crossbows      | 5 6 7 |  7.0
Short Blades   | 1 2 3 4 5 |  5.1
Fighting       | 3 4 |  4.8
Armour         | 1 2 3 |  3.0
Dodging        | 3 4 5 |  5.1
Stealth        | |  1.3

Action                   |  1- 3 |  4- 6 |  7- 9 || total
-------------------------+-------+-------+-------++-------
Melee: Short sword       |     2 |    11 |    14 ||    27
       Dagger            |       |       |   226 ||   226
 Fire: Hand crossbow     |    63 |    25 |    49 ||   137
  Use: Potion            |       |       |     1 ||     1
 Stab: Sleeping          |       |       |    10 ||    10
Armor: Leather armour    |     4 |     2 |    32 ||    38
Dodge: Dodged            |     9 |    12 |   155 ||   176
